 Dungeon Crawl Stone Soup version 0.29-a0-509-g793eeb5391 (webtiles) character file.

Game seed: 9306787554475011410

86 Morbidden the Conjurer (level 4, -4/27 HPs)
             Began as an Octopode Conjurer on May 29, 2022.
             Slain by an orc
             ... wielding a +0 hand axe
              (5 damage)
             ... on level 3 of the Dungeon.
             The game lasted 00:02:01 (3239 turns).

Morbidden the Conjurer (Octopode Conjurer)          Turns: 3239, Time: 00:02:03

Health: -4/27      AC:  1    Str:  6    XL:     4   Next: 49%
Magic:  4/8        EV: 13    Int: 22    God:
Gold:   111        SH:  0    Dex: 10    Spells: 5/8 levels left

rFire   . . .      SeeInvis .   (no weapon)
rCold   . . .      Faith    .   (no shield)
rNeg    + . .      Spirit   .   (helmet restricted)
rPois   .          Reflect  .   (no amulet)
rElec   .          Harm     .   f - ring of positive energy
rCorr   .          Rampage  .   (no ring)
Will    .....                   (no ring)
Stlth   +++.......              (no ring)
HPRegen 0.09/turn               (no ring)
MPRegen 0.11/turn               (no ring)
                                (no ring)
                                (no ring)

@: no status effects
A: almost no armour, amphibious, 8 rings, camouflage 1, gelatinous body 1,
(nimble swimmer 1), tentacles
a: no special abilities


You were on level 3 of the Dungeon.
You visited 1 branch of the dungeon, and saw 4 of its levels.

You collected 111 gold pieces.

Inventory:

Jewellery
 f - a ring of positive energy (left tentacle)
 j - an amulet of reflection
Wands
 l - a wand of paralysis (8)
Scrolls
 b - 2 scrolls of teleportation {unknown}
 c - 2 scrolls of blinking {unknown}
 d - 4 scrolls of identify {unknown}
 g - a scroll of enchant armour {unknown}
 h - a scroll of fear {unknown}
Potions
 a - a potion of magic
 e - a potion of haste {unknown}
 i - a potion of flight {unknown}
 k - a potion of cancellation {unknown}
 m - a potion of brilliance {unknown}


   Skills:
 * Level 0.9 Fighting
 * Level 2.3 Dodging
 + Level 2.8 Stealth
 * Level 0.9 Unarmed Combat
 * Level 2.7 Spellcasting
 * Level 4.8 Conjurations


You had 5 spell levels left.
You knew the following spells:

 Your Spells              Type           Power      Damage    Failure   Level
a - Magic Dart            Conj           96%        1d7       1%          1
b - Searing Ray           Conj           48%        2d6       2%          2

Your spell library contained the following spells:

 Spells                   Type           Power      Damage    Failure   Level
 Static Discharge         Conj/Air       13%        N/A       7%          2
 Apportation              Tloc           6%         N/A       13%         1
 Necrotize                Necr           12%        1d4       13%         1
 Summon Small Mammal      Summ           12%        N/A       13%         1
 Dazzling Flash           Conj/Hex       26%        N/A       14%         3
 Gell's Gravitas          Tloc           3%         N/A       36%         3
 Lesser Beckoning         Tloc           3%         N/A       36%         3
 Teleport Other           Tloc           3%         N/A       36%         3
 Fulminant Prism          Conj/Hex       6%         3d7       43%         4
 Iskenderun's Mystic Bla  Conj/Tloc      13%        2d5       43%         4
 Sticky Flame             Conj/Fire      13%        2d4       43%         4
 Dispel Undead            Necr           3%         3d7       77%         4


Dungeon Overview and Level Annotations

Branches:
Dungeon (4/15)
 Temple: D:4-7

Altars:
Trog
The Shining One


Innate Abilities, Weirdness & Mutations

You cannot wear most types of armour.
You are amphibious.
You can wear up to eight rings at the same time.
Your skin changes colour to match your surroundings (Stealth+).
Your rubbery body absorbs attacks. (AC +1, EV +1)
((You are camouflaged when in or above water. (Stealth+)))
You have tentacles for arms and can constrict up to eight enemies at once.


Message History

The magic dart hits the orc.
The orc is almost dead.
The orc hits you with a +0 hand axe.
There are monsters nearby!
Casting: Magic Dart (safe; 1% risk of failure)
Confirm with . or Enter, or press ? or * to list all spells.
Aiming: Magic Dart (safe; 1% risk of failure)
Press: ? - help, Shift-Dir - straight line, f/p - orc
Aim: an orc, wielding a +0 hand axe (almost dead, 100% to hit)
The magic dart hits the orc!
You kill the orc!
The kobold hits you with a +0 dagger.
There are monsters nearby!
Casting: Magic Dart (safe; 1% risk of failure)
Confirm with . or Enter, or press ? or * to list all spells.
Aiming: Magic Dart (safe; 1% risk of failure)
Press: ? - help, Shift-Dir - straight line, f - orc
Aim: an orc, wielding a +0 dagger (100% to hit)
The magic dart hits the orc.
The orc is lightly wounded.
A ball python comes into view.
The orc hits you with a +0 dagger. The kobold hits you with a +0 dagger.
The orc hits you with a +0 dagger. The kobold hits you with a +0 dagger.
* * * LOW HITPOINT WARNING * * *
The orc hits you with a +0 dagger.
* * * LOW HITPOINT WARNING * * *
The orc hits you but does no damage.
You climb upwards.
There is a stone staircase leading down here.
Unknown command.
Casting: Magic Dart (safe; 1% risk of failure)
Confirm with . or Enter, or press ? or * to list all spells.
Aiming: Magic Dart (safe; 1% risk of failure)
Press: ? - help, Shift-Dir - straight line, f - orc
Aim: an orc, wielding a +0 dagger (lightly wounded, 100% to hit)
The magic dart hits the orc.
The orc is moderately wounded.
The kobold misses you. The orc barely misses you.
The orc hits you with a +0 hand axe.
You die...

#..#..##.....#...### #.##..#.#
##.#....<.....#....#####.##.##.#
#.#..#.......#..#.....)....##.##
##.#..#.......##.#######........#
.#.#.........###.# ###..##....#
.#.#####......##.# #...####...#
.#^...........##o# #.#.# #...#
.#######......##o## #.#.# #...#
## #.....###@K# #.#.# ##### #
#....#####o####.#.# #
###.....##..##..#.#
#............##.#
#........#.##.####
#........#.##.#..####
##########...)....#....#P....###
#.......##........###..#.≈≈≈≈≈.##
#............###### #..≈≈P....≈..


You could see 3 orcs and a kobold.

Vanquished Creatures
  2 adders
  A worm (D:2)
  An orc (D:4)
  8 endoplasms
  5 giant cockroaches
  8 goblins
  6 hobgoblins
  5 quokkas
  4 ball pythons
  7 bats
  3 frilled lizards
  4 kobolds
  5 rats
59 creatures vanquished.

Vanquished Creatures (others)
  6 plants (D:3)
6 creatures vanquished.

Grand Total: 65 creatures vanquished

Notes
Turn   | Place    | Note
-------+----------+-------------------------------------------
     0 | D:1      | Morbidden the Octopode Conjurer began the quest for the
                  | Orb.
     0 | D:1      | Reached XP level 1. HP: 11/11 MP: 3/3
   243 | D:1      | Reached XP level 2. HP: 17/17 MP: 0/5
   949 | D:1      | Learned a level 2 spell: Searing Ray
  1387 | D:2      | Reached XP level 3. HP: 22/22 MP: 2/6
  1585 | D:2      | Found a bloodstained altar of Trog.
  2150 | D:2      | Reached XP level 4. HP: 27/27 MP: 2/7
  2787 | D:3      | Found a faded altar of an unknown god.
  3045 | D:3      | Found a glowing golden altar of the Shining One.
  3237 | D:4      | HP: 1/27 [orc/+0 dagger (5)]
  3239 | D:3      | Slain by an orc

Illustrated notes

Levels and vault maps discovered:
D:1:      ebering_hopf_link, layout_basic
D:2:      layout_loops_ring, basic_altar, kennysheep_path_1
D:3:      layout_rooms, nicolae_tso_swordbearing_angel,
          shapermc_ecumenical_altar_hornbeckon, corner_web_ring,
          kennysheep_generic_room_14
D:4:      layout_cave_pods, minmay_temple_entry_mini_moons, uniq_menkaure

Action                   |  1- 3 |  4- 6 || total
-------------------------+-------+-------++-------
Melee: Unarmed           |    11 |     2 ||    13
       Tentacles         |     1 |       ||     1
       Constrict         |     2 |     1 ||     3
 Cast: Magic Dart        |    82 |    27 ||   109
Armor: Skin              |       |     1 ||     1
Dodge: Dodged            |     8 |     3 ||    11

Table legend: (Time is in decaauts)
 A = Elapsed time spent in this place.
 B = Non-inter-level travel time spent in this place.
 C = Inter-level travel time spent in this place.
 D = Time resting spent in this place.
 E = Time spent auto-exploring this place.
 F = Levels seen in this place.
 G = Mean time per level.
                   A        B        C        D        E       F      G
               +--------+--------+--------+--------+--------+-----+--------+
         Total |   3239 |   3169 |     70 |    401 |   2498 |   4 |  809.8 |
       Dungeon |   3239 |   3169 |     70 |    401 |   2498 |   4 |  809.8 |
               +--------+--------+--------+--------+--------+-----+--------+

Top non-repeatable levels by time:
     D:1: 1419 daAuts
     D:2: 1078 daAuts
     D:3: 736 daAuts
     D:4: 4 daAuts
